 Dungeon Crawl Stone Soup version 0.20-a0-1018-ge435b50 (webtiles) character file.

41 George the Skirmisher (level 3, 0/33 HPs)
             Began as a Minotaur Fighter on Apr 17, 2017.
             Slain by Grinder (5 damage)
             ... on level 3 of the Dungeon.
             The game lasted 00:01:37 (1137 turns).

George the Skirmisher (Minotaur Fighter)            Turns: 1137, Time: 00:01:39

Health: 0/33       AC:  9    Str: 21    XL:     3   Next: 32%
Magic:  2/2        EV:  5    Int:  5    God:
Gold:   108        SH:  9    Dex:  9    Spells: 2/2 levels left

rFire    . . .     SeeInvis .   a - +0 war axe
rCold    . . .     Gourm    .   c - +0 shield
rNeg     . . .     Faith    .   p - +0 chain mail
rPois    .         Spirit   .   (helmet restricted)
rElec    .         Reflect  .   (no cloak)
rCorr    +         Harm     .   (no gloves)
MR       .....                  (no boots)
Stlth    ..........             (no amulet)
Regen    0.2/turn               b - ring of resist corrosion
MPRegen  0.1/turn               (no ring)

@: no status effects
A: retaliatory headbutt, horns 2
a: no special abilities


You were on level 3 of the Dungeon.
You were not hungry.

You visited 1 branch of the dungeon, and saw 3 of its levels.

You collected 108 gold pieces.

Inventory:

Hand Weapons
 a - a +0 war axe (weapon)
Armour
 c - a +0 shield (worn)
 p - a +0 chain mail (worn)
Jewellery
 b - a ring of resist corrosion (left hand)
Scrolls
 e - a scroll of teleportation {unknown}
 g - a scroll of recharging {unknown}
 i - a scroll of remove curse {unknown}
 k - 2 scrolls of fear {unknown}
 l - 4 scrolls of random uselessness {unknown}
 q - a scroll of identify {unknown}
 r - a scroll of enchant armour {unknown}
Potions
 d - a potion of might
 h - 3 potions of curing {unknown}
 j - a potion of ambrosia {unknown}
 o - 2 potions of brilliance {unknown}
Comestibles
 f - a bread ration
 m - a meat ration
 n - 4 fruits
 s - 2 chunks of flesh


   Skills:
 + Level 4.1 Fighting
 * Level 3.5 Axes
 + Level 4.0 Armour
 + Level 0.7 Dodging
 - Level 3.7 Shields


You had 2 spell levels left.
You didn't know any spells.

Dungeon Overview and Level Annotations

Branches:
Dungeon (3/15)

Altars:

Annotations:
D:3 Grinder


Innate Abilities, Weirdness & Mutations

You reflexively headbutt those who attack you in melee.
You have a pair of horns on your head.


Message History

The jackal bites you but does no damage.
Grinder gestures at you.
You shrug off the repeated paralysis!
The jackal barely misses you.
The jackal bites you but does no damage.
Grinder hits you.
You writhe in agony.
You closely miss Grinder. You headbutt Grinder.
Grinder is heavily wounded.
Your shield and chain mail prevent you from hitting the jackal. x2
The jackal bites you but does no damage.
The jackal barely misses you. The jackal bites you.
The jackal barely misses you. Grinder barely misses you.
You closely miss Grinder. You headbutt Grinder, but do no damage.
Grinder is heavily wounded.
You closely miss the jackal.
Your shield prevents you from hitting the jackal.
The jackal bites you but does no damage.
The jackal barely misses you. Grinder hits you.
* * * LOW HITPOINT WARNING * * *
You writhe in agony.
You die...

#.... #.... #.... .#
#.... ###. ### ###....
... #.. "...... ... #.#
##..$h##########.# #.#
#....h@5......##.# #.#
#.###########.##.####.#
#...##......#
#...'.......)
#...######### #####


You could see Grinder and 2 jackals.

Vanquished Creatures
  An ooze (D:1)
  A dart slug (D:1)
  A bat (D:2)
  A giant cockroach (D:2)
  3 goblins
  4 hobgoblins
  A jackal (D:3)
  10 kobolds
  3 frilled lizards
  7 rats
32 creatures vanquished.

Notes
Turn   | Place    | Note
-------+----------+-------------------------------------------
     0 | D:1      | George the Minotaur Fighter began the quest for the Orb.
     0 | D:1      | Reached XP level 1. HP: 19/19 MP: 0/0
   203 | D:1      | Reached XP level 2. HP: 27/27 MP: 1/1
   534 | D:2      | Reached XP level 3. HP: 33/33 MP: 2/2
  1119 | D:3      | Noticed Grinder
  1130 | D:3      | Paralysed by Grinder for 3 turns
  1137 | D:3      | Slain by Grinder

Vault maps used:
D:1:      zelgadis_glass_arrival_small, corexii_hall_statues_x
D:3:      amethyst_overflow_temple_binary, uniq_terence, uniq_grinder

Skill      XL: |  1  2  3 |
---------------+----------+-----
Axes           | 3 |  3.5
Armour         | 4 |  4.0
Fighting       | 4 |  4.1
Dodging        | |  0.7
Shields        | |  3.7

Action                   || total
-------------------------++-------
Melee: War axe           ||    87
       Headbutt          ||    11
  Eat: Chunk             ||     1
Armor: Scale mail        ||    20
       Chain mail        ||    28
Dodge: Dodged            ||    33
Block: Shield            ||    59
